 Dungeon Sprint DCSS version bcrawl-1.12-11-gb93c957c58 (webtiles) character file.

Game seed: 10417872605464558622

888 Freyura the Carver (level 7, -2/61 HPs)
             Began as a Demonspawn Fighter on June 29, 2019.
             Was a Follower of Ru.
             Slain by a vampire (5 damage)
             ... in the Dungeon (Sprint IX: "|||||||||||||||||||||||||||||").
             The game lasted 00:04:36 (597 turns).

Freyura the Carver (Demonspawn Fighter)              Turns: 597, Time: 00:04:37

Health: -2/61      AC: 15    Str: 16    XL:     7   Next: 77%
Magic:  0/7        EV: 12    Int: 10    God:    Ru [*.....]
Gold:   0          SH:  0    Dex: 17    Spells: 6/6 levels left

rFire    . . .     SeeInvis .   a - +0 long sword
rCold    . . .     Gourm    .   c - +0 shield
rNeg     . . .     Faith    .   p - +1 scale mail
rPois    .         Spirit   +   (no helmet)
rElec    .         Reflect  .   (no cloak)
rCorr    .         Harm     .   n - +0 pair of gloves
MR       .....     NoTele   +   o - +0 pair of boots
Stlth    ..........             (no amulet)
HPRegen  0.20/turn              q - +2 ring of protection
MPRegen  0.10/turn              r - +3 ring of dexterity

@: confused
A: talons 1, icy blue scales 1, powered by pain 1, magic shield, no necromancy
magic, no poison magic, no translocations magic
a: Renounce Religion


You were in the Dungeon.
You worshipped Ru.
Ru was aware of your devotion.
You were hungry.

You visited 1 branch

Inventory:

Hand Weapons
 a - a +0 long sword (weapon)
Armour
 b - a +0 scale mail
 c - a +0 shield (worn)
 n - a +0 pair of gloves (worn)
 o - a +0 pair of boots (worn)
 p - a +1 scale mail (worn)
Jewellery
 q - a +2 ring of protection (left hand)
 r - a +3 ring of dexterity (right hand)
Wands
 m - a wand of iceblast (10)
Scrolls
 h - 3 scrolls of remove curse
 k - 2 scrolls of blinking
 l - 2 scrolls of amnesia
Potions
 d - a potion of invisibility
 e - 5 potions of curing
 i - 4 potions of magic
Comestibles
 f - a ration {!d}


   Skills:
 + Level 7.7 Fighting
 * Level 9.3 Long Blades
 + Level 6.9 Armour
 + Level 6.3 Dodging
 + Level 6.9 Shields


You had 6 spell levels left.
You didn't know any spells.
Your spell library was empty.

Dungeon Overview and Level Annotations

Branches:
Dungeon (1/1)

Altars:
Cheibriados
Dithmenos
Elyvilon
Fedhas
Gozag
Hepliaklqana
Kikubaaqudgha
Lugonu
Makhleb
Nemelex Xobeh
Okawaru
Qazlal
Ru
Sif Muna
Trog
Uskayaw
Vehumet
Wu Jian
Xom
Yredelemnul
Zin
The Shining One
Beogh
Jiyva


Innate Abilities, Weirdness & Mutations

You have sharp toenails.
You are partially covered in icy blue scales. (AC +2)
You sometimes gain a little power by taking damage.
When hurt, damage is shared between your health and your magic reserves.
You cannot study or cast Necromancy magic.
You cannot study or cast Poison magic.
You cannot study or cast Translocations magic.


Message History

Something bites you but does no damage.
You hit something.
The deep elf mage gestures wildly while chanting.
The deep elf mage blinks!
You hear some strange, mumbled words.
You are confused.
You bump into the unnaturally hard rock wall.
The deep elf mage casts a spell.
The deep elf mage blinks!
Something hits you but does no damage. Something bites you but does no damage.
You closely miss something.
The fire elemental disappears in a puff of smoke!
Something completely misses you. Something bites you!
* * * LOW HITPOINT WARNING * * *
Something draws strength from your injuries!
The deep elf mage hits you but does no damage.
You barely miss something.
The deep elf mage hits you but does no damage.
Something hits you.
You die...

▓.▓
▓[▓
▓.▓
▓.▓
▓.▓
▓.▓
▓.▓
▓e▓
▓@▓
▓{▓
▓O▓
▓D▓
▓Y▓
▓.▓
▓.▓
▓+▓


You could see a four-headed hydra, a two-headed ogre, a deep elf mage and a yak.

Vanquished Creatures
  A tengu conjurer (D)
  A troll (D)
  A slime creature (D)
  A wyvern (D)
  A vampire mosquito (D)
  A hungry ghost (D)
  A howler monkey (D)
  A shadow imp (D)
  A dart slug (D)
  A leopard gecko (D)
  2 orcs (D)
  A bat zombie (D)
  2 goblins (D)
  2 bats (D)
17 creatures vanquished.

Notes
Turn   | Place    | Note
-------+----------+-------------------------------------------
     0 | D        | Freyura the Demonspawn Fighter began the quest for the Orb.
     0 | D        | Reached XP level 1. HP: 18/18 MP: 1/1
     8 | D        | Reached skill level 2 in Long Blades
    11 | D        | Reached skill level 1 in Dodging
    33 | D        | Noticed a howler monkey
    41 | D        | Reached skill level 3 in Long Blades
    41 | D        | Gained mutation: You have sharp toenails. [demonic
                  | ancestry]
    41 | D        | Reached XP level 2. HP: 19/24 MP: 2/2
    43 | D        | Killed a howler monkey
    43 | D        | Reached skill level 4 in Long Blades
    43 | D        | Gained mutation: You sometimes gain a little power by
                  | taking damage. [demonic ancestry]
    43 | D        | Reached XP level 3. HP: 24/30 MP: 3/3
    55 | D        | Found a roughly hewn altar of Beogh.
    55 | D        | Found a snail-covered altar of Cheibriados.
    55 | D        | Found a shadowy altar of Dithmenos.
    55 | D        | Found a white marble altar of Elyvilon.
    55 | D        | Found a blossoming altar of Fedhas.
    55 | D        | Found an opulent altar of Gozag.
    56 | D        | Found a hazy altar of Hepliaklqana.
    57 | D        | Found a viscous altar of Jiyva.
    58 | D        | Found an ancient bone altar of Kikubaaqudgha.
    59 | D        | Found a corrupted altar of Lugonu.
    60 | D        | Found a burning altar of Makhleb.
    61 | D        | Found a sparkling altar of Nemelex Xobeh.
    62 | D        | Found an iron altar of Okawaru.
    63 | D        | Found a stormy altar of Qazlal.
    64 | D        | Found a sacrificial altar of Ru.
    65 | D        | Found a deep blue altar of Sif Muna.
    66 | D        | Found a bloodstained altar of Trog.
    67 | D        | Found a hide-covered altar of Uskayaw.
    68 | D        | Found a radiant altar of Vehumet.
    69 | D        | Found an ornate altar of the Wu Jian Council.
    70 | D        | Found a shimmering altar of Xom.
    71 | D        | Found a basalt altar of Yredelemnul.
    72 | D        | Became a worshipper of Ru the Awakened
   142 | D        | Found a glowing silver altar of Zin.
   143 | D        | Found a glowing golden altar of the Shining One.
   196 | D        | Noticed a slime creature
   196 | D        | Noticed a hungry ghost
   196 | D        | Noticed a vampire mosquito
   196 | D        | Noticed a troll
   196 | D        | Noticed a wyvern
   219 | D        | Killed a slime creature
   219 | D        | Reached skill level 5 in Fighting
   219 | D        | Reached skill level 6 in Long Blades
   219 | D        | Reached skill level 5 in Armour
   219 | D        | Reached skill level 5 in Shields
   219 | D        | Gained mutation: When hurt, damage is shared between your
                  | health and your magic reserves. [demonic ancestry]
   219 | D        | Reached XP level 4. HP: 28/40 MP: 4/4
   219 | D        | Reached XP level 5. HP: 32/46 MP: 5/5
   230 | D        | Killed a hungry ghost
   230 | D        | Reached skill level 7 in Long Blades
   230 | D        | Reached skill level 5 in Dodging
   230 | D        | Gained mutation: You are partially covered in icy blue
                  | scales. (AC +2) [demonic ancestry]
   230 | D        | Reached XP level 6. HP: 38/53 MP: 6/6
   244 | D        | Gained mutation: You cannot study or cast Poison magic. [Ru
                  | sacrifice]
   244 | D        | Gained mutation: You cannot study or cast Necromancy magic.
                  | [Ru sacrifice]
   244 | D        | Gained mutation: You cannot study or cast Translocations
                  | magic. [Ru sacrifice]
   244 | D        | Reached * piety under Ru
   245 | D        | Killed a vampire mosquito
   245 | D        | Reached skill level 8 in Long Blades
   248 | D        | Killed a troll
   248 | D        | Reached XP level 7. HP: 19/59 MP: 7/7
   267 | D        | HP: 2/59 [wyvern (7)]
   270 | D        | Killed a wyvern
   560 | D        | Noticed a tengu conjurer
   560 | D        | Noticed a vampire
   560 | D        | Noticed a two-headed ogre
   560 | D        | Noticed a yak
   560 | D        | Noticed a four-headed hydra
   560 | D        | Noticed a deep elf mage
   569 | D        | Noticed a fire elemental
   577 | D        | Killed a tengu conjurer
   577 | D        | Reached skill level 9 in Long Blades
   596 | D        | HP: 2/61 [something (6)]
   597 | D        | Slain by a vampire

Skill      XL: |  1  2  3  4  5  6  7 |
---------------+----------------------+-----
Long Blades    | 3 4 6 7 8 9 |  9.3
Shields        | 3 5 6 |  6.9
Armour         | 3 5 6 |  6.9
Dodging        | 1 2 4 5 6 |  6.3
Fighting       | 4 5 6 7 |  7.7

Action                   |  1- 3 |  4- 6 |  7- 9 || total
-------------------------+-------+-------+-------++-------
Melee: Long sword        |    54 |    27 |    57 ||   138
       Kick              |     1 |       |       ||     1
Invok: Sacrifice Arcana  |       |     1 |       ||     1
  Use: Potion            |     6 |       |       ||     6
Armor: Scale mail        |    14 |    11 |    35 ||    60
Dodge: Dodged            |    19 |     6 |    25 ||    50
Block: Shield            |    23 |    18 |    20 ||    61
